 Dungeon Crawl Stone Soup version 0.31-a0-232-gb1c03b2570 (webtiles) character file.

Game seed: 29709644040683212

3008 qw the Skirmisher (level 9, -3/57 HPs)
             Began as a Gargoyle Hexslinger on July 7, 2023.
             Was an Initiate of Okawaru.
             Slain by a wyvern (10 damage)
             ... on level 8 of the Dungeon.
             The game lasted 00:02:39 (6226 turns).

qw the Skirmisher (Gargoyle Hexslinger)             Turns: 6226, Time: 00:02:39

Health: -3/57      AC: 20    Str: 11    XL:     9   Next: 84%
Magic:  10/10      EV: 11    Int: 15    God:    Okawaru [......]
Gold:   389        SH:  0    Dex: 16    Spells: 9/10 levels left

rFire   + . .        Y - +1 arbalest (flame)
rCold   . . .        (shield currently unavailable)
rNeg    + . .        n - +2 ring mail {rF+}
rPois   inf          a - +0 helmet
rElec   +            (no cloak)
rCorr   .            d - +0 pair of gloves
SInv    .            (no boots)
Will    +....        m - amulet of the acrobat
Stlth   +            k - ring of willpower
HPRegen 0.29/turn    l - +4 ring of protection
MPRegen 0.12/turn

%: acrobat
@: no status effects
A: sickness immunity, AC +6, negative energy resistance 1, electricity
resistance, torment resistance 1, petrification resistance
a: Renounce Religion


You were on level 8 of the Dungeon.
You worshipped Okawaru.
Okawaru was noncommittal.
You visited 2 branches of the dungeon, and saw 9 of its levels.
You also visited: Sewer.

You collected 443 gold pieces.
You spent 54 gold pieces at shops.


Innate Abilities, Weirdness & Mutations

You are immune to sickness and miasma.
Your stone body is resilient. (AC +6)
You are immune to poison.
You resist negative energy. (rN+)
You are resistant to electric shocks. (rElec)
You are resistant to unholy torment.
You are immune to petrification.


   Skills:
 + Level 7.1 Fighting
 - Level 11.1 Ranged Weapons
 - Level 3.4 Armour
 - Level 2.3 Dodging
 - Level 1.0 Spellcasting
 - Level 2.6 Hexes


You had 9 spell levels left.
You knew the following spells:

 Your Spells              Type           Power      Damage    Failure   Level
a - Slow                  Hex            32%        N/A       19%         1

Your spell library contained the following spells:

 Spells                   Type           Power      Damage    Failure   Level
 Inner Flame              Hex/Fire       4%         N/A       67%         3
 Portal Projectile        Hex/Tloc       8%         N/A       67%         3
 Cause Fear               Hex            4%         N/A       88%         4

Inventory:

Hand Weapons
 Y - a +1 arbalest of flaming (weapon)
Armour
 a - a +0 helmet (worn)
 d - a +0 pair of gloves (worn)
 g - +0 acid dragon scales
 n - a +2 ring mail of fire resistance (worn)
Jewellery
 k - a ring of willpower (left hand)
 l - a +4 ring of protection (right hand)
 m - an amulet of the acrobat (around neck)
Scrolls
 c - a scroll of teleportation
 o - a scroll of identify
Potions
 e - 2 potions of heal wounds
 f - a potion of berserk rage {unknown}
 h - 4 potions of curing
 i - a potion of cancellation {unknown}
 j - a potion of enlightenment {unknown}
 p - a potion of resistance {unknown}
 q - a potion of haste {unknown}
 r - a potion of might {unknown}

Dungeon Overview and Level Annotations

Branches:
Dungeon (8/15)             Temple (1/1) D:7           Sewer (visited)
   Lair: D:8-11

Altars:
Ashenzari
Cheibriados
Dithmenos
Elyvilon
Fedhas
Gozag
Hepliaklqana
Kikubaaqudgha
Makhleb
Nemelex Xobeh
Okawaru
Qazlal
Ru
Sif Muna
Trog
Uskayaw
Vehumet
Wu Jian
Xom
Yredelemnul
Zin

Shops:
D:4 (   D:5 :


Message History

The yak gores you but does no damage.
You shoot a bolt. The yak bellows!
The bolt hits the yak!
The bolt burns the yak.
The yak is heavily wounded.
The wyvern bites you. The wyvern completely misses you.
The yak closely misses you. The wyvern barely misses you.
You shoot a bolt. The bolt barely misses the yak.
The wyvern closely misses you. The yak gores you. The yak gores you!
The wyvern bites you but does no damage.
The yak closely misses you. The yak misses you. The yak gores you.
You shoot a bolt. The bolt hits the yak.
The bolt burns the yak.
The yak is heavily wounded.
The wyvern bites you but does no damage.
The wyvern barely misses you. The yak gores you but does no damage.
The yak closely misses you.
You shoot a bolt. The bolt hits the yak!!
The bolt burns the yak!
You kill the yak!
Okawaru accepts your kill. The wyvern bites you. The yak gores you!
The yak gores you but does no damage. The yak barely misses you.
The wyvern barely misses you.
The yak gores you but does no damage. x3; The wyvern barely misses you.
Your Ranged Weapons skill increases to level 11!
You shoot a bolt.
The bolt hits the yak but does no damage.
The wyvern bites you but does no damage.
The yak gores you but does no damage. x2; The wyvern closely misses you.
You shoot a bolt. The bolt hits the yak!
The bolt burns the yak.
The yak is moderately wounded.
The wyvern barely misses you. The yak closely misses you.
The yak gores you but does no damage. x2; The yak gores you.
The wyvern closely misses you. The yak gores you but does no damage.
The yak closely misses you. The yak gores you but does no damage.
The yak barely misses you.
You shoot a bolt. The bolt hits the yak!!
The bolt burns the yak.
The yak is almost dead.
The wyvern bites you but does no damage.
The wyvern barely misses you. The yak gores you. The yak gores you!
The yak barely misses you. x2; The wyvern bites you!
You die...

.. #..
###.#######+
##?....#.....
#............
#..#....... ##
#..#.YY.# .
#....@Y%#.##
#.#....Yl......
##.#.#.#####....
#....).# ...
####.### .
####.# #<...#
######


You could see 4 yaks and a wyvern.

Vanquished Creatures
  A hornet (D:8)
  2 yaks (D:8)
  An acid dragon (D:5)
  3 ice beasts (D:7)
  A sky beast (D:6)
  2 black bears
  2 centaurs
  2 ogres (D:6)
  3 phantoms (D:5)
  A kobold brigand (D:7)
  3 bullfrogs
  3 scorpions
  2 howler monkeys (D:6)
  3 hounds
  3 jellies
  5 iguanas
  2 sleepcaps
  4 orc wizards
  7 gnolls
  11 adders
  3 river rats
  2 shadow imps
  3 worms
  2 dart slugs
  15 orcs
  14 ball pythons
  16 endoplasms
  13 giant cockroaches
  4 goblins
  10 hobgoblins
  7 jackals (D:1)
  6 quokkas
  5 bats
  10 frilled lizards
  14 kobolds
  8 rats
193 creatures vanquished.

Notes
Turn   | Place    | Note
-------+----------+-------------------------------------------
     0 | D:1      | qw the Gargoyle Hexslinger began the quest for the Orb.
     0 | D:1      | Reached XP level 1. HP: 12/12 MP: 2/2
     0 | D:1      | 0 ||| qw: Version: 0.3-a-46-gb1f654a
     0 | D:1      | 0 ||| qw: Game counter: 2498
     0 | D:1      | 0 ||| qw: Melee chars always use a shield: true
     0 | D:1      | 0 ||| qw: God list: Okawaru
     0 | D:1      | 0 ||| qw: Allow faded altars: false
     0 | D:1      | 0 ||| qw: Do Orc after clearing Dungeon:15 true
     0 | D:1      | 0 ||| qw: Do second Lair branch before Depths: true
     0 | D:1      | 0 ||| qw: Lair rune preference: random
     0 | D:1      | 0 ||| qw: Goals: Normal
     0 | D:1      | 0 ||| PLANNING D:1-11
   154 | D:1      | Reached XP level 2. HP: 16/16 MP: 3/3
   235 | D:1      | Reached skill level 3 in Ranged Weapons
   292 | D:1      | Reached XP level 3. HP: 20/20 MP: 4/4
   550 | D:1      | Found a faded altar of an unknown god.
  1085 | D:1      | 1085 ||| UPGRADING to +0 pair of gloves.
  1090 | D:1      | 1090 ||| UPGRADING to +0 leather armour.
  1100 | D:1      | 1100 ||| DROPPING +0 robe.
  1101 | D:1      | 1101 ||| READING scroll labelled ECOOPH VIEN.
  1102 | D:1      | 1102 ||| READING scroll labelled RONICW CUGU.
  1107 | D:1      | 1107 ||| DROPPING scroll of poison.
  1187 | D:2      | Reached XP level 4. HP: 23/26 MP: 5/5
  1198 | D:2      | Reached skill level 4 in Ranged Weapons
  1576 | D:2      | 1576 ||| READING scroll labelled OFOSOQ ONEMNOT.
  1577 | D:2      | 1577 ||| DRINKING 2 viscous golden potions.
  1801 | D:3      | Reached XP level 5. HP: 22/30 MP: 6/6
  2002 | D:3      | Found a glowing silver altar of Zin.
  2328 | D:3      | 2328 ||| UPGRADING to +0 ring mail.
  2338 | D:3      | 2338 ||| DROPPING +0 leather armour.
  2339 | D:3      | 2339 ||| UPGRADING to ring of willpower.
  2340 | D:3      | 2340 ||| READING scroll labelled QEUKIA ICKIS.
  2598 | D:4      | Found Xivub's Weapon Shop.
  2606 | D:4      | 2606 ||| BUYING +0 arbalest (54 gold).
  2606 | D:4      | Bought a +0 arbalest for 54 gold pieces
  2606 | D:4      | 2606 ||| SWAPPING to +0 arbalest.
  2607 | D:4      | 2607 ||| DROPPING +1 sling.
  2620 | D:4      | Reached skill level 1 in Armour
  2776 | D:4      | 2776 ||| FLEEEEING.
  2782 | D:4      | Reached skill level 5 in Ranged Weapons
  2941 | D:4      | Reached XP level 6. HP: 36/36 MP: 7/7
  3107 | D:4      | 3107 ||| UPGRADING to +4 ring of protection.
  3108 | D:4      | 3108 ||| READING scroll labelled MONAMMU CUUNO.
  3136 | D:5      | Entered Level 5 of the Dungeon
  3183 | D:5      | Found Zioxkemo's Self-Improvement Boutique.
  3239 | D:5      | Noticed a black bear
  3243 | D:5      | Killed a black bear
  3456 | D:5      | Reached skill level 6 in Ranged Weapons
  3456 | D:5      | Reached XP level 7. HP: 23/43 MP: 8/8
  3700 | D:5      | Reached skill level 7 in Ranged Weapons
  4009 | D:5      | 4009 ||| READING 2 scrolls labelled OTSO SIOLUKAN.
  4010 | D:5      | 4010 ||| READING scroll labelled DYEH FEUMOJUE.
  4011 | D:5      | 4011 ||| DRINKING 2 bubbling red potions.
  4045 | D:5      | 4045 ||| DROPPING scroll of blinking.
  4046 | D:5      | 4046 ||| DROPPING potion of lignification.
  4099 | D:6      | 4099 ||| PLANNING SEWER
  4118 | D:6      | 4118 ||| Stepping ~*~*~tactically~*~*~ (outnumbered).
  4126 | D:6      | Reached XP level 8. HP: 15/48 MP: 9/9
  4127 | D:6      | HP: 10/48 [acid dragon (5)]
  4128 | D:6      | 4128 ||| READING 2 scrolls of teleportation.
  4291 | D:6      | Reached skill level 8 in Ranged Weapons
  4326 | D:6      | Found a stormy altar of Qazlal.
  4331 | D:6      | Found a basalt altar of Yredelemnul.
  4332 | D:6      | Found a bloodstained altar of Trog.
  4334 | D:6      | Found a white marble altar of Elyvilon.
  4334 | D:6      | Found an ancient bone altar of Kikubaaqudgha.
  4335 | D:6      | Found a snail-covered altar of Cheibriados.
  4337 | D:6      | Found a hide-covered altar of Uskayaw.
  4467 | D:6      | Found a glowing drain.
  4471 | D:6      | 4471 ||| UPGRADING to +0 helmet.
  4476 | D:6      | 4476 ||| UPGRADING to amulet of the acrobat.
  4495 | Sewer    | Entered a sewer
  4530 | Sewer    | 4530 ||| Stepping ~*~*~tactically~*~*~ (water).
  4533 | Sewer    | 4533 ||| Stepping ~*~*~tactically~*~*~ (water).
  4535 | Sewer    | 4535 ||| Stepping ~*~*~tactically~*~*~ (water).
  4586 | Sewer    | 4586 ||| Stepping ~*~*~tactically~*~*~ (water).
  4595 | Sewer    | 4595 ||| Stepping ~*~*~tactically~*~*~ (water).
  4657 | Sewer    | Found a viscous altar of Jiyva.
  4687 | Sewer    | 4687 ||| Stepping ~*~*~tactically~*~*~ (water).
  4716 | Sewer    | 4716 ||| READING scroll labelled CAYWUD WUMORIE.
  4717 | Sewer    | 4717 ||| READING scroll labelled RYDO LALIMU KEJA.
  4718 | Sewer    | 4718 ||| DRINKING 2 glowing inky potions.
  4719 | Sewer    | 4719 ||| DRINKING 2 fuming purple potions.
  4720 | Sewer    | 4720 ||| DROPPING potion of brilliance.
  4741 | D:6      | 4741 ||| PLANNING D:1-11
  4781 | D:6      | Found an opulent altar of Gozag.
  4973 | D:6      | 4973 ||| FLEEEEING.
  4974 | D:6      | 4974 ||| FLEEEEING.
  4975 | D:6      | 4975 ||| FLEEEEING.
  4976 | D:6      | 4976 ||| FLEEEEING.
  4977 | D:6      | 4977 ||| FLEEEEING.
  4978 | D:6      | 4978 ||| FLEEEEING.
  4984 | D:6      | 4984 ||| FLEEEEING.
  4985 | D:6      | 4985 ||| STAIRDANCE
  5006 | D:5      | 5006 ||| UPGRADING to +2 ring mail of fire resistance.
  5016 | D:5      | 5016 ||| DROPPING +0 ring mail.
  5022 | D:6      | 5022 ||| STAIRDANCE
  5026 | D:5      | Reached skill level 9 in Ranged Weapons
  5235 | D:6      | Reached skill level 6 in Fighting
  5235 | D:6      | Reached XP level 9. HP: 50/56 MP: 10/10
  5237 | D:6      | 5237 ||| FLEEEEING.
  5239 | D:6      | 5239 ||| FLEEEEING.
  5240 | D:6      | 5240 ||| FLEEEEING.
  5635 | D:7      | Reached skill level 10 in Ranged Weapons
  5639 | D:7      | Reached skill level 3 in Armour
  5744 | D:7      | 5744 ||| READING scroll of brand weapon.
  5744 | D:7      | 5744 ||| BRANDING +1 arbalest of draining.
  5745 | D:7      | 5745 ||| DROPPING +2 orcbow of flaming.
  5779 | D:7      | 5779 ||| Stepping ~*~*~tactically~*~*~ (outnumbered).
  5781 | D:7      | 5781 ||| Stepping ~*~*~tactically~*~*~ (outnumbered).
  5783 | D:7      | 5783 ||| Stepping ~*~*~tactically~*~*~ (outnumbered).
  5785 | D:7      | 5785 ||| Stepping ~*~*~tactically~*~*~ (outnumbered).
  6011 | D:7      | Found a staircase to the Ecumenical Temple.
  6012 | D:7      | 6012 ||| PLANNING TEMPLE
  6012 | D:7      | 6012 ||| READING scroll labelled PAUCLY KOO.
  6021 | Temple   | Entered the Ecumenical Temple
  6028 | Temple   | 6028 ||| PLANNING OKAWARU WORSHIP
  6096 | Temple   | Became a worshipper of Warmaster Okawaru
  6097 | Temple   | 6097 ||| PLANNING D:1-11
  6202 | D:8      | Noticed a hornet
  6204 | D:8      | Killed a hornet
  6224 | D:8      | Reached skill level 11 in Ranged Weapons
  6226 | D:8      | HP: 7/57 [yak (13)]
  6226 | D:8      | Slain by a wyvern

Levels and vault maps discovered:
D:1:      dpeg_arrival_morbid_curiosity, layout_loops_ring,
          shapermc_ecumenical_altar_hornbeckon, nrook_mini_backslash,
          dreamdust_wishing_well, minmay_worlds_worst_comb
D:2:      layout_basic
D:3:      layout_loops_cross, zin_academy, kennysheep_generic_room_16
D:4:      layout_basic, serial_shops, shop, minmay_three_crescents
D:5:      layout_loops_corners, nicolae_shop_self_help
D:6:      cheibrodos_fzero, layout_loops_corners,
          nicolae_overflow_hallway_of_the_gods, portal_sewer_entry_a,
          kennysheep_diamond
D:7:      layout_cave_pools, minmay_temple_entry_ruins
D:8:      layout_basic, serial_shops, nicolae_shop_pleasant_corner_grove,
          enter_bailey_5, uniq_maurice
Temple:   nicolae_temple_god_jail

Skill      XL: |  1  2  3  4  5  6  7  8  9 |
---------------+----------------------------+-----
Ranged Weapons | 3 4 5 6 7 9 11 | 11.1
Fighting       | 2 4 6 7 |  7.1
Armour         | 1 2 3 |  3.4
Dodging        | 2 |  2.3
Spellcasting   | |  1.0
Hexes          | |  2.6

Action                     |  1- 3 |  4- 6 |  7- 9 || total
---------------------------+-------+-------+-------++-------
   Fire: Sling             |   113 |   133 |       ||   246
         Arbalest          |       |    91 |   250 ||   341
    Use: Scroll            |     2 |     3 |     7 ||    12
         Potion            |       |     1 |     3 ||     4
 Armour: Robe              |    19 |       |       ||    19
         Leather armour    |       |    23 |       ||    23
         Ring mail         |       |    51 |   101 ||   152
  Dodge: Dodged            |    47 |    55 |    98 ||   200

Table legend:
 A = Non-vault XP
 B = Vault XP
 C = Vault XP percentage of total XP
 D = Non-vault monster count
 E = Vault monster count
 F = Vault count percentage of total count
                 A         B        C        D         E       F
            +---------+---------+-------+---------+---------+-------
      Total |    3083 |    1215 |  28.3 |     129 |      64 |  33.2
            +---------+---------+-------+---------+---------+-------
        D:1 |      66 |      12 |  15.4 |      30 |       7 |  18.9
        D:2 |      42 |       0 |   0.0 |      18 |       0 |   0.0
        D:3 |      65 |       5 |   7.1 |      18 |       2 |  10.0
        D:4 |      95 |      47 |  33.1 |      10 |       6 |  37.5
        D:5 |     711 |     151 |  17.5 |      13 |       1 |   7.1
        D:6 |     639 |     837 |  56.7 |      14 |      20 |  58.8
        D:7 |     732 |       0 |   0.0 |      21 |       0 |   0.0
        D:8 |     733 |       0 |   0.0 |       5 |       0 |   0.0
      Sewer |       0 |     163 | 100.0 |       0 |      28 | 100.0
            +---------+---------+-------+---------+---------+-------
